 Dungeon Crawl Stone Soup version 0.31-a0-188-g5e087ee2ca (webtiles) character file.

Game seed: 7727052663110110362

242 qw the Skirmisher (level 5, 0/30 HPs)
             Began as a Deep Elf Hunter on June 23, 2023.
             Slain by Natasha (7 damage)
             ... on level 3 of the Dungeon.
             The game lasted 00:00:55 (2332 turns).

qw the Skirmisher (Deep Elf Hunter)                 Turns: 2332, Time: 00:00:55

Health: 0/30       AC:  5    Str: 10    XL:     5   Next: 81%
Magic:  7/7        EV: 11    Int: 14    God:
Gold:   188        SH:  0    Dex: 18    Spells: 4/4 levels left

rFire   . . .        Y - +1 shortbow
rCold   . . .        (shield currently unavailable)
rNeg    . . .        m - +0 ring mail
rPois   .            (no helmet)
rElec   .            (no cloak)
rCorr   .            (no gloves)
SInv    .            (no boots)
Will    .....        (no amulet)
Stlth   +            (no ring)
HPRegen 0.25/turn    (no ring)
MPRegen 0.10/turn

%: no passive effects
@: about to teleport, slowed, very slow
A: no striking features
a: no special abilities


You were on level 3 of the Dungeon.
You visited 1 branch of the dungeon, and saw 3 of its levels.

You collected 188 gold pieces.


   Skills:
 - Level 2.0 Fighting
 + Level 9.1 Ranged Weapons
 - Level 2.4 Dodging
 - Level 1.2 Stealth


You had 4 spell levels left.
You didn't know any spells.
Your spell library was empty.

Inventory:

Hand Weapons
 Y - a +1 shortbow (weapon)
Armour
 m - a +0 ring mail (worn)
Scrolls
 f - a scroll of identify
 g - a scroll of teleportation
Potions
 a - a potion of berserk rage {unknown}
 k - a potion of might
 l - 2 potions of heal wounds

Dungeon Overview and Level Annotations

Branches:
Dungeon (3/15)

Altars:

Annotations:
D:3 Natasha


Message History

You shoot an arrow. The arrow hits Natasha.
Natasha is moderately wounded.
Natasha barely misses you.
Natasha casts a spell.
You shoot an arrow.
The arrow hits Natasha but does no damage.
Natasha is moderately wounded.
Natasha misses you. The cerulean imp barely misses you.
You shoot an arrow. The arrow hits Natasha.
Natasha is severely wounded.
Natasha casts a spell.
The cerulean imp closely misses you.
You shoot an arrow. The arrow hits Natasha.
Natasha is severely wounded.
Natasha casts a spell.
The cerulean imp hits you from afar with a +2 spear.
The cerulean imp hits you but does no damage.
You shoot an arrow. The arrow closely misses Natasha.
Natasha casts a spell at you.
You feel yourself slow down.
The cerulean imp hits you but does no damage.
The cerulean imp hits you from afar with a +0 spear.
You shoot an arrow. The arrow closely misses Natasha.
Natasha drinks a potion.
Natasha seems to grow stronger.
The cerulean imp closely misses you. The cerulean imp barely misses you.
The cerulean imp hits you from afar with a +0 spear.
Natasha stares at you and mumbles some strange words.
The magic dart hits you!
The cerulean imp hits you from afar with a +0 spear.
The cerulean imp completely misses you.
The cerulean imp hits you but does no damage.
You shoot an arrow. The arrow closely misses Natasha.
Natasha closely misses you. The cerulean imp closely misses you.
The cerulean imp hits you but does no damage.
The cerulean imp hits you from afar with a +2 spear.
2332 ||| READING 2 scrolls of teleportation.
As you read the scroll of teleportation, it crumbles to dust.
You feel strangely unstable. Natasha claws you!
You die...

#...#.............# #!...
#..#.##...######..# #.###
#..#.###.## #).##### #.#
#.....##.#######......###.#
#%##..##..................#
#.....##..######.#.##.#####
#.....##..### #...##.#
#.........5.######.##.#
#.....##..5.@......##.#
#.........5h######.##.#######
###.#.###..># #.##........
#.#.# #...######.##.#######
#.#.###.|.).......#.#
#.#.##...#.######.#.#######
#..>.....##.#####.#.##.....
#.#.##...###.........[.....
#.#.....###.#####.####%####


You could see Natasha (strong) and 3 cerulean imps.

Vanquished Creatures
  A scorpion (D:3)
  Jessica (D:3)
  Natasha (twice) (D:3)
  4 adders
  2 dart slugs (D:1)
  8 ball pythons
  6 endoplasms
  6 giant cockroaches
  5 goblins
  2 hobgoblins
  4 jackals (D:2)
  3 quokkas
  5 bats
  6 frilled lizards
  6 kobolds
  3 rats
64 creatures vanquished.

Notes
Turn   | Place    | Note
-------+----------+-------------------------------------------
     0 | D:1      | qw the Deep Elf Hunter began the quest for the Orb.
     0 | D:1      | Reached XP level 1. HP: 12/12 MP: 3/3
     0 | D:1      | 0 ||| qw: Version: 0.3-a-9-g12657ce
     0 | D:1      | 0 ||| qw: Game counter: 4079
     0 | D:1      | 0 ||| qw: Always use a shield: true
     0 | D:1      | 0 ||| qw: God list: Okawaru
     0 | D:1      | 0 ||| qw: Allow faded altars: false
     0 | D:1      | 0 ||| qw: Do Orc after D:15 true
     0 | D:1      | 0 ||| qw: Do second Lair branch before Depths: true
     0 | D:1      | 0 ||| qw: Lair rune preference: random
     0 | D:1      | 0 ||| qw: Plans: Normal
     0 | D:1      | 0 ||| PLANNING D:1-11
   258 | D:1      | Reached XP level 2. HP: 15/16 MP: 4/4
   316 | D:1      | Reached skill level 6 in Ranged Weapons
   779 | D:1      | 779 ||| UPGRADING to +0 ring mail.
   789 | D:1      | 789 ||| DROPPING +0 leather armour.
   790 | D:1      | 790 ||| READING 2 scrolls labelled RAQECW QURHIF.
   791 | D:1      | 791 ||| READING 2 scrolls labelled SEGYCA IGAWAM.
   792 | D:1      | 792 ||| READING 2 scrolls labelled VYNELY OFFYER.
   797 | D:1      | 797 ||| READING scroll labelled WOHU YRAINT.
   798 | D:1      | 798 ||| READING scroll labelled VASYSI ADEW.
   799 | D:1      | 799 ||| DRINKING 3 fuming sapphire potions.
   800 | D:1      | 800 ||| DROPPING scroll of amnesia.
   801 | D:1      | 801 ||| DROPPING scroll of butterflies.
   825 | D:2      | 825 ||| STAIRDANCE
   853 | D:2      | Reached XP level 3. HP: 19/20 MP: 5/5
  1063 | D:2      | Reached skill level 7 in Ranged Weapons
  1391 | D:2      | Reached XP level 4. HP: 25/25 MP: 6/6
  1463 | D:2      | Found a faded altar of an unknown god.
  1574 | D:2      | 1574 ||| READING 2 scrolls labelled PUTOAH KYLOS.
  1575 | D:2      | 1575 ||| READING scroll labelled KEXTEROLEEW.
  1576 | D:2      | 1576 ||| READING 2 scrolls of identify.
  1576 | D:2      | 1576 ||| IDENTIFYING metallic dark potion
  1577 | D:2      | 1577 ||| DROPPING scroll of vulnerability.
  1578 | D:2      | 1578 ||| DROPPING potion of lignification.
  1816 | D:3      | Noticed Jessica
  1818 | D:3      | 1818 ||| FLEEEEING.
  1823 | D:3      | Noticed Natasha
  1824 | D:3      | 1824 ||| FLEEEEING.
  1825 | D:3      | 1825 ||| FLEEEEING.
  1826 | D:3      | 1826 ||| FLEEEEING.
  1827 | D:3      | 1827 ||| FLEEEEING.
  1828 | D:3      | 1828 ||| FLEEEEING.
  1834 | D:3      | Killed Jessica
  1835 | D:3      | Reached skill level 8 in Ranged Weapons
  1912 | D:3      | Killed Natasha
  1913 | D:3      | Reached XP level 5. HP: 9/29 MP: 7/7
  1920 | D:3      | Noticed Natasha
  1921 | D:3      | HP: 7/29 [Natasha/magic dart (4)]
  1922 | D:3      | 1922 ||| READING 3 scrolls of teleportation.
  1923 | D:3      | 1923 ||| DRINKING 3 potions of heal wounds.
  1924 | D:3      | 1924 ||| Stepping ~*~*~tactically~*~*~ (outnumbered).
  1971 | D:3      | Reached skill level 9 in Ranged Weapons
  2192 | D:3      | Killed Natasha
  2302 | D:3      | 2302 ||| DRINKING 2 fizzy purple potions.
  2303 | D:3      | 2303 ||| DROPPING potion of magic.
  2321 | D:3      | Noticed Natasha
  2331 | D:3      | HP: 7/30 [cerulean imp/+2 spear[Natasha] (5)]
  2332 | D:3      | 2332 ||| READING 2 scrolls of teleportation.
  2332 | D:3      | Slain by Natasha

Levels and vault maps discovered:
D:1:      tarquinn_simple_flora_water_c, layout_basic, minmay_tiny_reverse_x
D:2:      layout_basic, hellmonk_ecumenical_altar_zigzags, fountainhead,
          minmay_fractal_squares_5
D:3:      layout_loops_ring, uniq_natasha, uniq_jessica

Skill      XL: |  1  2  3  4  5 |
---------------+----------------+-----
Ranged Weapons | 6 7 8 9 |  9.1
Fighting       | 2 |  2.0
Dodging        | |  2.4
Stealth        | |  1.2

Action                     |  1- 3 |  4- 6 || total
---------------------------+-------+-------++-------
   Fire: Shortbow          |   110 |    84 ||   194
    Use: Scroll            |     5 |     5 ||    10
         Potion            |     1 |     2 ||     3
 Armour: Leather armour    |     4 |       ||     4
         Ring mail         |    24 |    10 ||    34
  Dodge: Dodged            |    38 |    26 ||    64

Table legend:
 A = Non-vault XP
 B = Vault XP
 C = Vault XP percentage of total XP
 D = Non-vault monster count
 E = Vault monster count
 F = Vault count percentage of total count
                 A         B        C        D         E       F
            +---------+---------+-------+---------+---------+-------
      Total |     255 |      91 |  26.3 |      52 |      12 |  18.8
            +---------+---------+-------+---------+---------+-------
        D:1 |      21 |       8 |  27.6 |      10 |       4 |  28.6
        D:2 |      79 |      10 |  11.2 |      25 |       6 |  19.4
        D:3 |     155 |      73 |  32.0 |      17 |       2 |  10.5
            +---------+---------+-------+---------+---------+-------
